AoeStats
← Reinhardlunsen

Arena

508709461Analyzed
4v4 RM · 8d ago on Sep 23, 2026· 32m 44s· 8 players
Game mode
Random Map
Map size
Large (8 player)
Population
200
Speed
Normal
Resources
Standard
Victory
Conquest
Starting age
Dark Age
Ending age
Imperial Age
RankedLock teamsTeams togetherTeam positionsShared explorationLock speedFull tech treeHidden civsTurbo modeCheats
Victory
Defeat
🇨🇿 Saxons · Czechia
1712
+11
🇨🇿 Bulgarians · Czechia
1686
+12
🇨🇿 Magyars · Czechia
1630
+14
🇨🇿 Mongols · Czechia
1560
+17
🇨🇿 Romans · Czechia
1671
-16
🇨🇿 Maya · Czechia
1587
-13
🇩🇪 Italians · Germany
1579
-13
🇭🇺 Georgians · Hungary
1546
-12
Reinhardlunsen
9:59 Feudal Age
14:07 Castle Age
12:14 Double-Bit Axe
12:09 Horse Collar
15:30 Bow Saw
18:49 Loom
22:51 Gold Mining
23:39 Wheelbarrow
27:07 Imperial Age
24:24 Loom
26:46 Hand Cart
26:23 Fletching
26:55 Ballistics
27:35 Bodkin Arrow
27:21 Elite Genoese Crossbowman
29:06 Chemistry
28:38 Bracer
28:38 Padded Archer Armor
29:25 Conscription
30:17 Leather Archer Armor
DraveczB
11:14 Feudal Age
15:20 Castle Age
13:30 Horse Collar
14:33 Double-Bit Axe
22:48 Wheelbarrow
23:38 Heavy Plow
23:50 Bow Saw
23:30 Gold Mining
24:35 Loom
25:23 Hand Cart
24:53 Town Watch
26:37 Stone Mining
31:30 Imperial Age
29:27 Bloodlines
29:18 Husbandry
29:30 Forging
29:25 Scale Barding Armor
30:56 Stone Shaft Mining
32:06 Chain Barding Armor
32:21 Iron Casting
31:39 Heavy Scorpion
32:45 Siege Engineers
33:41 Chemistry
32:06 Elite Monaspa
33:06 Conscription
32:52 Aznauri Cavalry
33:47 Plate Barding Armor
.::North::.
10:57 Feudal Age
14:49 Castle Age
12:52 Double-Bit Axe
13:06 Gold Mining
13:46 Horse Collar
16:08 Fletching
17:51 Bodkin Arrow
23:24 Padded Archer Armor
Rank
10:19 Feudal Age
11:22 Feudal Age
12:25 Double-Bit Axe
15:12 Castle Age
13:47 Horse Collar
16:35 Bow Saw
19:28 Wheelbarrow
19:50 Loom
22:23 Stone Mining
23:00 Hand Cart
22:58 Gold Mining
24:04 Town Watch
24:54 Heavy Plow
25:46 Gold Shaft Mining
27:59 Imperial Age
26:24 Ballistics
28:11 Capped Ram
30:13 Chemistry
29:28 Siege Engineers
29:28 Siege Ram
Turbox
9:50 Feudal Age
11:17 Loom
14:25 Castle Age
12:36 Double-Bit Axe
13:07 Horse Collar
15:59 Bow Saw
16:44 Stone Mining
20:29 Heavy Plow
21:40 Town Watch
23:52 Gold Mining
26:22 Fletching
26:33 Padded Archer Armor
27:31 Wheelbarrow
30:22 Imperial Age
28:56 Bodkin Arrow
29:59 Leather Archer Armor
30:05 Ballistics
30:56 Elite Mangudai
32:07 Hand Cart
32:56 Chemistry
32:41 Bracer
33:27 Conscription
deswermobil
11:41 Feudal Age
12:21 Double-Bit Axe
12:16 Horse Collar
15:17 Castle Age
16:18 Bow Saw
16:08 Heavy Plow
20:08 Loom
20:51 Stone Mining
22:45 Wheelbarrow
22:13 Gold Mining
24:45 Hand Cart
28:32 Imperial Age
25:49 Town Watch
26:11 Scale Mail Armor
26:39 Forging
27:08 Gold Shaft Mining
27:15 Chain Mail Armor
27:45 Ballistics
28:27 Iron Casting
28:10 Fletching
28:32 Pikeman
28:39 Onager
29:40 Conscription
29:28 Siege Engineers
29:25 Squires
29:11 Arson
29:58 Plate Mail Armor
30:43 Blast Furnace
30:02 Bodkin Arrow
29:58 Siege Onager
31:36 Halberdier
33:04 Bracer
34:22 Chemistry
Bedrich
10:36 Feudal Age
12:15 Double-Bit Axe
14:43 Castle Age
15:17 Horse Collar
15:57 Bow Saw
17:28 Wheelbarrow
22:49 Hand Cart
22:21 Loom
23:01 Scale Barding Armor
23:24 Fletching
24:57 Bodkin Arrow
25:05 Padded Archer Armor
25:31 Town Watch
26:04 Bloodlines
25:57 Husbandry
28:58 Imperial Age
26:51 Ballistics
26:31 Gold Mining
27:01 Thumb Ring
27:43 Leather Archer Armor
29:00 Heavy Cavalry Archer
30:06 Parthian Tactics
30:44 Chemistry
30:15 Bracer
30:33 Recurve Bow
31:08 Chain Barding Armor
30:12 Light Cavalry
32:10 Ring Archer Armor
32:48 Gold Shaft Mining
33:20 Corvinian Army
alesh
11:03 Feudal Age
9:56 Loom
14:38 Castle Age
12:41 Double-Bit Axe
14:05 Horse Collar
15:57 Bow Saw
19:24 Scale Mail Armor
20:16 Town Watch
Connection lost

Rejoining the realm…

Still unreachable

The connection could not be restored.

Session expired

The server has moved on; the page needs a fresh start.